 Dungeon Crawl Stone Soup version 0.29.1-15-g9cfb28693d (webtiles) character file.

Game seed: 4796032998327803776

2 promet the Shield-Bearer (level 1, 0/19 HPs)
             Began as a Meteoran Fighter on Feb 25, 2023.
             Succumbed to a goblin's poison
             ... on level 1 of the Dungeon.
             The game lasted 00:01:24 (188 turns).

promet the Shield-Bearer (Meteoran Fighter)          Turns: 188, Time: 00:01:24

Health: 0/19       AC:  7    Str: 15 (17) XL:     1   Next: 57%
Magic:  2/2        EV:  8    Int:  8 (9)  God:
Gold:   15         SH:  4    Dex: 11 (13) Spells: 0/0 levels left

rFire   . . .      SeeInvis .   a - +0 flail
rCold   . . .      Faith    .   c - +0 buckler
rNeg    . . .      Spirit   .   b - +0 scale mail
rPois   .          Reflect  .   (no helmet)
rElec   .          Harm     .   (no cloak)
rCorr   .          Rampage  .   (no gloves)
Will    .....                   (no boots)
Stlth   ..........              (no amulet)
HPRegen 0.06/turn               (no ring)
MPRegen 0.08/turn               (no ring)

@: mighty, lethally poisoned (0 -> -18), glowing
A: sense surroundings 1, otherworldly, glowing, explore regen
a: no special abilities


You were on level 1 of the Dungeon.
You visited 1 branch of the dungeon, and saw 1 of its levels.

You collected 15 gold pieces.

Inventory:

Hand Weapons
 a - a +0 flail (weapon)
Armour
 b - a +0 scale mail (worn)
 c - a +0 buckler (worn)


   Skills:
 + Level 3.3 Fighting
 + Level 2.7 Maces & Flails
 + Level 3.7 Armour
 + Level 3.7 Shields


You couldn't memorise any spells.
You didn't know any spells.
Your spell library was empty.

Dungeon Overview and Level Annotations

Branches:
Dungeon (1/15) Zot: 407

Altars:


Innate Abilities, Weirdness & Mutations

You passively map a small area around you.
You are easily found by Zot.
You glow in the dark.
You regain HP and MP as you explore.


Message History

You sock the goblin!
You kill the goblin!
No target in view!
HP restored.
A goblin comes into view. It is wielding a +2 dagger of venom.
The goblin shouts!
Okay, then.
It was a potion of curing.
You feel better.
A bat comes into view.
The bat moves out of view.
It was a potion of degeneration.
There was something very wrong with that liquid.
You feel weakened.
You feel dopey.
You feel clumsy.
A bat comes into view.
The bat moves out of view.
You feel very mighty all of a sudden.
Found a scroll labelled KOFIEQUEDGH.
The goblin hits you but does no damage.
You are poisoned.
The bat closely misses you.
You hit the bat.
The bat is moderately wounded.
You feel very sick. The bat hits you. The bat barely misses you.
You block the goblin's attack. The goblin hits you but does no damage.
You are lethally poisoned!
You closely miss the bat.
You feel very sick. The bat hits you but does no damage.
You block the goblin's attack.
You barely miss the bat.
You feel very sick. The bat barely misses you.
The bat hits you but does no damage.
The goblin hits you with a +2 dagger of venom.
* * * LOW HITPOINT WARNING * * *
You are more poisoned.
You are too injured to fight recklessly!
You are too injured to fight recklessly!
You aren't carrying any potions.
You aren't carrying any scrolls.
You closely miss the goblin.
You die...

###....#####.#####.#...#
#.)..................# ,
,
#....#.##..##..#.#.....#
....##.....##..#.#.#...#
....#...................
...#######.##...........
... **** #.##.#.........
* ..# #.##.#..#.#... * ,
######.@#,#, * * , ,
#b.gb..... , ,
.#..#.#..#. , P.P#..#...
.. , , , * #####..# ...,
, ,, .... ..... * , ,
*#..# .###* * ** , ...#,
?# ** , , * *


You could see a goblin and 2 bats.

Vanquished Creatures
  A goblin (D:1)
  A quokka (D:1)
2 creatures vanquished.

Notes
Turn   | Place    | Note
-------+----------+-------------------------------------------
     0 | D:1      | promet the Meteoran Fighter began the quest for the Orb.
     0 | D:1      | Reached XP level 1. HP: 19/19 MP: 2/2
   188 | D:1      | Succumbed to a goblin's poison

Illustrated notes

Levels and vault maps discovered:
D:1:      dpeg_arrival_arbitrary_b, layout_basic, serial_aquarium,
          aquarium_bridge_square [aquarium_subvault_bridge,
          aquarium_subvault_wall, aquarium_subvault_window,
          aquarium_subvault_window], aquarium_window_fake,
          aquarium_window_corridor_1, aquarium_view_2f, aquarium_pool_2,
          shapermc_ecumenical_altar_mp_urbaneastern, st_stairs_4,
          chequers_serial_rivers_micro_e, minmay_octomino_j4

Action                   || total
-------------------------++-------
Melee: Flail             ||    17
  Use: Potion            ||     3
Armor: Scale mail        ||     9
Dodge: Dodged            ||     9
Block: Buckler           ||     4
